 Dungeon Crawl Stone Soup version 0.31-a0-196-g86fe4a5e66 (webtiles) character file.

Game seed: 7971338647280674382

91127 holysushi the Spry (level 16, -3/129 HPs)
             Began as a Djinni Necromancer on June 24, 2023.
             Was an Initiate of Gozag.
             Slain by a thorn hunter (19 damage)
             ... on level 3 of the Swamp on June 25, 2023.
             The game lasted 01:15:54 (27897 turns).

holysushi the Spry (Djinni Necromancer)            Turns: 27897, Time: 01:15:54

Health: -3/129     AC:  2    Str:  7    XL:     16   Next: 49%
Gold:   445        EV: 52    Int: 16    God:    Gozag SH:  0 Dex: 28

rFire   . . .        X - melded +4 sling of the Moon {speed, rElec Int+4 Stlth+}
rCold   + . .        (shield currently unavailable)
rNeg    . . .        l - melded +0 toga "Victory" {*Victory Clar}
rPois   ∞            W - melded +2 helmet {Int+3}
rElec   .            m - melded +0 cloak
rCorr   .            y - melded +0 pair of gloves
SInv    .            (boots unavailable)
Will    +....        J - amulet of regeneration
Stlth   +++          S - ring of protection from cold
HPRegen 1.21/turn    M - +5 ring of evasion
MPRegen 0.00/turn

%: infuse magic (-4 HP)
@: spider-form, death channelling, marked, flying, hasted, studying Fighting,
very quick
A: venomous fangs, flying, sickness immunity, tiny, (fire resistance 2), (cold
vulnerability 1), float, innate caster, HP casting, extra vitality 1
a: End Transformation, Renounce Religion, Potion Petition, Call Merchant, Bribe
Branch


You were on level 3 of the Swamp.
You worshipped Gozag.
Gozag was aware of your devotion.
You were a venomous arachnid creature.
You visited 5 branches of the dungeon, and saw 23 of its levels.
You also visited: Sewer, Ossuary and Volcano.

You collected 7812 gold pieces.
You spent 2692 gold pieces at shops.
You paid 4675 gold pieces to Gozag.

Inventory:

Hand Weapons
 a - a +3 short sword of draining
 I - the +7 sling of Gallantry {heavy, Str+3 SInv}
   (You bought it in a shop on level 5 of the Dungeon)

   Str:       It affects your strength (+3).
   SInv:      It lets you see invisible.
 X - the +4 sling of the Moon (melded) {speed, rElec Int+4 Stlth+}
   (You bought it in a shop on level 2 of the Orcish Mines)

   Int:       It affects your intelligence (+4).
   rElec:     It insulates you from electricity.
   Stlth:     It makes you more stealthy.
Armour
 l - the +0 toga "Victory" (melded) {*Victory Clar}
   (You took it off a centaur on level 9 of the Dungeon)

   *Victory:  When the wearer kills a threatening monster, it has a chance to
   gain +1 AC, +1 Slay, and +1 Int, capping at +7.
   When the wearer uses a scroll or a potion with a hostile monster in sight,
   its bonuses reset to +0.
   Unequipping it also resets its bonuses to +0.
   Clar:      It protects you from confusion, rage, mesmerisation and fear.
 m - a +0 cloak (melded)
 v - a +2 robe of willpower
 y - a +0 pair of gloves (melded)
 W - a +2 helmet of intelligence (melded)
Magical Staves
 b - a staff of death
Jewellery
 C - a ring of resist corrosion
 J - an amulet of regeneration (around neck)
 M - a +5 ring of evasion (right front pincers)
 Q - a +4 ring of protection
 S - a ring of protection from cold (left front pincers)
 Z - a ring of protection from fire
Wands
 k - a wand of iceblast (20)
 A - a wand of quicksilver (11)
 F - a wand of charming (2)
 H - a wand of digging (3)
 K - a wand of flame (8)
 R - a wand of mindburst (11)
 U - a wand of polymorph (1)
Scrolls
 g - 7 scrolls of enchant armour
 o - a scroll of teleportation
 p - 5 scrolls of vulnerability
 t - 4 scrolls of silence
 B - 4 scrolls of fog
 D - 11 scrolls of identify
 G - a scroll of revelation
 P - 4 scrolls of enchant weapon
Potions
 d - 4 potions of haste
 e - 4 potions of berserk rage
 f - 3 potions of curing
 h - 7 potions of attraction
 j - 6 potions of lignification
 n - 9 potions of ambrosia
 q - 5 potions of brilliance
 r - 2 potions of degeneration
 u - 2 potions of invisibility
 w - 8 potions of might
 x - 2 potions of cancellation
 z - a potion of enlightenment
 E - 6 potions of mutation
 L - a potion of resistance {unknown}
 O - a potion of magic {unknown}
Miscellaneous
 N - a phial of floods
 T - a box of beasts


   Skills:
 + Level 16.4 Fighting
 - Level 18.8 Dodging
 - Level 1.8 Stealth
 - Level 13.6 Spellcasting
 - Level 13.6 Conjurations
 - Level 13.6 Hexes
 - Level 13.6 Summonings
 - Level 13.6 Necromancy
 - Level 13.6 Translocations
 - Level 13.6 Transmutations
 - Level 13.6 Fire Magic
 - Level 13.6 Ice Magic
 - Level 13.6 Air Magic
 - Level 13.6 Earth Magic
 - Level 13.6 Poison Magic
 - Level 2.0 Evocations


You knew the following spells:

 Your Spells              Type           Power      Damage    Failure   Level
a - Death Channel         Necr           26%        N/A       12%         6
b - Vampiric Draining     Necr           53%        2d9       1%          3
c - Spider Form           Tmut/Pois      53%        N/A       1%          3
d - Summon Mana Viper     Hex/Summ       53%        N/A       4%          5
e - Kiss of Death         Conj/Necr      100%       2d13      1%          1
f - Static Discharge      Conj/Air       100%       2-7/arc   1%          2
g - Animate Dead          Necr           53%        N/A       2%          4
h - Portal Projectile     Hex/Tloc       100%       N/A       1%          3
i - Iskenderun's Battles  Conj           53%        2d10      4%          5
j - Agony                 Necr           53%        N/A       4%          5
k - Necrotise             Necr           100%       1d9       1%          1
Your spell library was empty.

Dungeon Overview and Level Annotations

Branches:
Dungeon (12/15) Zot: 25945  Temple (1/1) D:4 Zot: 5966    Lair (5/5) D:9 Zot: 23519
  Swamp (3/4) Lair:2 Zot: 15246  Spider (0/4) Lair:3        Slime (0/5) Lair:4
    Orc (2/2) D:12 Zot: 9668     Elf (0/3) Orc:2         Sewer (visited)
Ossuary (visited)         Volcano (visited)

Altars:
Ashenzari
Cheibriados
Dithmenos
Elyvilon
Fedhas
Gozag
Hepliaklqana
Makhleb
Nemelex Xobeh
Okawaru
Qazlal
Trog
Uskayaw
Wu Jian
Xom
Yredelemnul
Zin
The Shining One

Shops:
D:2 :   D:5 (!(   D:7 ?   D:9 (   D:11 *   Orc:2 *(:[   Lair:1 [   Lair:2 [
Swamp:3 =

Annotations:
D:3 1 runed translucent door, Maxmaps's ghost, amateur DsRe
D:4 exclusion: steam dragon
D:8 exclusion: 2 downstairs
Temple 2 transporters
Lair:2 exclusion: downstairs
Swamp:1 exclusion: door
Orc:1 exclusion: orc knight


Innate Abilities, Weirdness & Mutations

You are a venomous arachnid creature.
You have venomous fangs.
You are tiny and dextrous.
You are flying.
Your spellcasting is less reliable in this form.
Your armour is entirely melded.
You are incapable of wielding weapons or throwing items.
You are immune to sickness and miasma.
You are immune to poison.
((Your flesh is very heat resistant. (rF++)))
((You are vulnerable to cold. (rC-)))
You float through the air rather than walking.
You learn spells naturally, not from books.
Your magical power is your life essence.
You have superior vitality. (+4 MHP)


Message History

[a] - 300 gold - resistance [b] - 405 gold - haste and heal wounds [c] - 575 gold - heal wounds, curing, lignification, might and resistance Purchase which effect?
You feel yourself speed up.
You feel much better.
The will-o-the-wisp completely misses you.
The thorn hunter completely misses you. x2
Casting: Vampiric Draining (safe; 1% risk of failure)
Confirm with . or Enter, or press ? or * to list all spells.
Aiming: Vampiric Draining (safe; 1% risk of failure)
Press: ? - help, Shift-Dir - straight line, f/p - thorn hunter
Aim: a thorn hunter (severely damaged, lightly drained)
You draw life force from the thorn hunter!
You feel life coursing into your body.
Casting: Vampiric Draining (safe; 1% risk of failure)
Confirm with . or Enter, or press ? or * to list all spells.
Aiming: Vampiric Draining (safe; 1% risk of failure)
Press: ? - help, Shift-Dir - straight line, f/p - thorn hunter
Aim: a thorn hunter (severely damaged, lightly drained)
You draw life force from the thorn hunter.
You feel life coursing into your body.
The thorn hunter fires a volley of thorns at you.
The volley of thorns misses you.
The volley of thorns hits the tyrant leech!!
The will-o-the-wisp gestures.
The will-o-the-wisp conjures some foxfire! 2 foxfires come into view.
Casting: Vampiric Draining (safe; 1% risk of failure)
Confirm with . or Enter, or press ? or * to list all spells.
Aiming: Vampiric Draining (safe; 1% risk of failure)
Press: ? - help, Shift-Dir - straight line, f/p - thorn hunter
Aim: a thorn hunter (almost destroyed, lightly drained)
You draw life force from the thorn hunter!
You feel life coursing into your body. The foxfire hits you!!
* * * LOW HITPOINT WARNING * * *
The foxfire hits you!
* * * LOW HITPOINT WARNING * * *
The thorn hunter completely misses you. The thorn hunter hits you!!
You die...
Your body crumbles into a pile of gold.

♣~♣.....~.~~~.~....~§~♣~
♣~.~.~..~.§~♣..~~~.~~~$~
♣~~~§~~~♣~~~~.~~~♣~~~~~.
♣♣~~♣~~~~♣♣~[...~~♣~.~.~~
♣~~~§~.~...~~♣♣.$$$~§~~.♣
♣.♣....~≈..♣♣♣♣♣.~$~♣.>.♣
♣..~~§..w.♣♣ ♣♣♣.§...~~
.~♣~~.§..♣ ♣♣♣♣.~~.
♣~~~~~§vs♣♣ ♣♣.<♣
♣~~~$~§§f.♣ ♣♣..
~....♣♣~~.♣ ♣♣~ §~!~~
♣~~.♣ ♣♣ ~~~~ ♣♣..♣ ♣ ~~~
♣♣.♣ ♣ ..♣ ~~ ♣ ♣. ♣


You could see a thorn hunter (drained), a tyrant leech and a will-o-the-wisp.

Vanquished Creatures
  An orc warlord (Orc:2)
  An eleionoma (Swamp:1)
  A bunyip (Swamp:3)
  An ettin (Orc:2)
  A fire dragon (Lair:5)
  3 hydras
  A ghost crab (Swamp:3)
  A boulder beetle (Lair:5)
  5 alligators
  An orc high priest (Orc:1)
  7 death yaks
  A tengu warrior (D:10)
  A fire crab (Lair:5)
  2 skysharks
  A spriggan druid (Swamp:2)
  2 swamp dragons
  Pikel (D:5)
  4 orc knights
  4 lindwurms
  3 orc sorcerers
  A manticore (D:12)
  An ugly thing (D:9)
  6 black mambas
  A torpor snail (Lair:2)
  5 elephants
  8 cane toads
  2 rime drakes (Lair:1)
  14 komodo dragons
  2 polar bears
  A queen bee (Lair:1)
  3 trolls
  7 tyrant leeches
  Grinder (D:5)
  Prince Ribbit (D:8)
  4 hornets
  10 blink frogs
  31 yaks
  A nameless horror (Lair:5)
  A vampire (D:9)
  A spriggan (Swamp:2)
  6 wyverns
  A vampire mosquito (D:12)
  4 basilisks
  2 steam dragons (Lair:5)
  Grum (D:7)
  3 acid dragons
  3 wargs
  4 swamp worms
  13 water moccasins
  5 ice beasts
  Pargi (Sewer)
  24 orc warriors
  5 black bears
  2 ogres
  13 wolves
  2 centaurs (D:9)
  2 lemures (D:5)
  A phantom (D:7)
  Blork the orc (D:5)
  2 kobold brigands
  9 bullfrogs
  2 gnoll sergeants
  10 scorpions
  9 wights
  37 killer bees
  A centaur zombie (Ossuary)
  5 electric eels
  2 howler monkeys (D:9)
  5 lava snakes (Lair:5)
  8 hounds
  2 jellies
  Crazy Yiuf (D:4)
  A human zombie (Ossuary)
  15 orc priests
  A gnoll bouda (D:8)
  6 iguanas
  4 sleepcaps
  5 scorpion zombies (Ossuary)
  20 orc wizards
  4 hell rats (Lair:4)
  3 mummies (Ossuary)
  23 gnolls
  A river rat (D:4)
  11 adders
  2 shadow imps
  3 white imps
  An ufetubus (D:6)
  A dart slug (D:5)
  67 orcs
  12 ball pythons
  11 endoplasms
  10 goblins
  3 hobgoblins
  2 jackals (D:2)
  A quokka (D:5)
  5 bats
  6 frilled lizards
  2 gnoll zombies (Ossuary)
  2 goblin zombies (Ossuary)
  3 hobgoblin zombies (Ossuary)
  7 kobolds
  3 kobold zombies (Ossuary)
  An orc zombie (Ossuary)
  11 rats
576 creatures vanquished.

Vanquished Creatures (collateral kills)
  A tentacled monstrosity (Swamp:3)
  A kraken (Swamp:2)
  A stone giant (D:10)
  2 bunyips (Swamp:2)
  An eleionoma (Swamp:3)
  The ghost of knightboat the Basher, a journeyman OgMo of Ashenzari (D:10)
  A shambling mangrove (Swamp:1)
  Erica (Orc:1)
  Erolcha (D:12)
  An ogre mage (Orc:1)
  6 hydras
  A two-headed ogre (D:11)
  A spriggan berserker (Swamp:3)
  2 orc high priests
  Sonja (Orc:1)
  A spriggan druid (Swamp:3)
  A goliath frog (Swamp:3)
  A pharaoh ant (Lair:3)
  3 swamp dragons (Swamp:3)
  3 bog bodies
  A cyclops (D:10)
  2 orc sorcerers (Orc:2)
  A toenail golem (Volcano)
  2 black mambas (Lair:4)
  6 molten gargoyles
  Maggie (D:10)
  A rime drake (Lair:3)
  2 efreet
  An unseen horror (D:10)
  2 komodo dragons
  A tyrant leech (Swamp:3)
  A polar bear (Lair:5)
  A troll (D:12)
  2 hornets (Swamp:2)
  A tarantella (Lair:3)
  3 slime creatures (D:12)
  A jumping spider (Lair:3)
  3 yaks
  2 spriggans (Swamp:2)
  4 wraiths
  2 wyverns
  2 fire elementals (Volcano)
  7 vampire mosquitoes
  A warg (Orc:1)
  An acid dragon (D:10)
  4 swamp worms
  3 water moccasins
  4 hell hounds (Lair:5)
  4 orc warriors
  3 ogres (Orc:1)
  A kobold brigand (D:10)
  An orc priest (D:12)
  5 orc wizards
  12 orcs
  2 fire vortices (Volcano)
  A tentacle (Swamp:2)
122 creatures vanquished.

Vanquished Creatures (others)
  2 bloated husks
  An earth elemental (Volcano)
  A killer bee (D:10)
  A fire vortex (Volcano)
  6 foxfires (Swamp:3)
  24 tentacles (Swamp:2)
35 creatures vanquished.

Grand Total: 733 creatures vanquished

Notes
Turn   | Place    | Note
-------+----------+-------------------------------------------
     0 | D:1      | holysushi the Djinni Necromancer began the quest for the
                  | Orb.
     0 | D:1      | holysushi set off with the following spells memorised:
                  | Necrotise, Vampiric Draining, Animate Dead, Agony.
     0 | D:1      | Reached XP level 1. HP: 15/15 MP: 0/0
   248 | D:1      | Reached XP level 2. HP: 14/21 MP: 0/0
   658 | D:1      | Reached XP level 3. HP: 24/26 MP: 0/0
   658 | D:1      | Learned a level 1 spell: Kiss of Death
   779 | D:2      | Reached skill level 1 in Fighting
   801 | D:2      | Found a faded altar of an unknown god.
   809 | D:2      | Reached skill level 3 in Dodging
   865 | D:2      | Reached XP level 4. HP: 31/32 MP: 0/0
  1283 | D:2      | Found Qush's Book Boutique.
  1378 | D:2      | Found a glowing golden altar of the Shining One.
  1634 | D:3      | Reached XP level 5. HP: 38/38 MP: 0/0
  1634 | D:3      | Learned a level 2 spell: Static Discharge
  1819 | D:3      | Found a runed translucent door.
  1819 | D:3      | Noticed Maxmaps's ghost (amateur DsRe)
  2284 | D:4      | Found a staircase to the Ecumenical Temple.
  2290 | Temple   | Entered the Ecumenical Temple
  2290 | Temple   | Found a transporter.
  2290 | Temple   | Found a transporter.
  2296 | Temple   | Found a transporter.
  2296 | Temple   | Found a transporter.
  2309 | Temple   | Became a worshipper of Gozag Ym Sagoz the Greedy
  2353 | D:4      | Reached skill level 4 in Dodging
  2380 | D:4      | Noticed a steam dragon
  2557 | D:4      | Found a glowing drain.
  2562 | D:4      | Reached XP level 6. HP: 43/43 MP: 0/0
  2567 | Sewer    | Entered a sewer
  2650 | Sewer    | Noticed Pargi
  2762 | Sewer    | Killed Pargi
  2763 | Sewer    | Reached skill level 5 in Dodging
  2919 | D:4      | Found a runed translucent door.
  2920 | D:4      | Noticed Crazy Yiuf
  2962 | D:4      | Noticed a black bear
  2968 | D:4      | Killed a black bear
  2969 | D:4      | Reached XP level 7. HP: 48/49 MP: 0/0
  2969 | D:4      | Learned a level 3 spell: Spider Form
  3003 | D:4      | Reached skill level 5 in Spellcasting
  3003 | D:4      | Reached skill level 5 in Conjurations
  3003 | D:4      | Reached skill level 5 in Hexes
  3003 | D:4      | Reached skill level 5 in Summonings
  3003 | D:4      | Reached skill level 5 in Necromancy
  3003 | D:4      | Reached skill level 5 in Translocations
  3003 | D:4      | Reached skill level 5 in Transmutations
  3003 | D:4      | Reached skill level 5 in Fire Magic
  3003 | D:4      | Reached skill level 5 in Ice Magic
  3003 | D:4      | Reached skill level 5 in Air Magic
  3003 | D:4      | Reached skill level 5 in Earth Magic
  3003 | D:4      | Reached skill level 5 in Poison Magic
  3284 | D:4      | Killed Crazy Yiuf
  3358 | D:5      | Entered Level 5 of the Dungeon
  3433 | D:5      | Found Syifac's Distillery.
  3443 | D:5      | Bought a potion of berserk rage for 70 gold pieces
  3443 | D:5      | Bought a potion of haste for 140 gold pieces
  3443 | D:5      | Bought a potion of brilliance for 56 gold pieces
  3443 | D:5      | Bought a potion of degeneration for 14 gold pieces
  3464 | D:5      | Found Venin's Antique Weapon Shop.
  3496 | D:5      | Found a sand-covered staircase.
  3502 | Ossuary  | Entered an ossuary
  4331 | Ossuary  | Reached XP level 8. HP: 51/54 MP: 0/0
  4623 | Ossuary  | Reached skill level 6 in Dodging
  5227 | D:5      | Bought a potion of enlightenment for 70 gold pieces
  5227 | D:5      | Bought a potion of cancellation for 112 gold pieces
  5323 | D:5      | Noticed Pikel
  5445 | D:5      | Reached skill level 7 in Dodging
  5603 | D:5      | Killed Pikel
  5604 | D:5      | Reached skill level 8 in Dodging
  5604 | D:5      | Reached XP level 9. HP: 51/58 MP: 0/0
  5604 | D:5      | Learned a level 3 spell: Portal Projectile
  5755 | D:5      | Noticed Blork the orc
  5759 | D:5      | Killed Blork the orc
  5809 | D:5      | Noticed Grinder
  5832 | D:5      | Killed Grinder
  6180 | D:5      | Found Sinofigu's Weapon Boutique.
  6906 | D:6      | Reached skill level 9 in Dodging
  7401 | D:6      | Reached XP level 10. HP: 64/64 MP: 0/0
  7702 | D:7      | Found Yrheunnu's Magic Scroll Emporium.
  7948 | D:7      | Reached skill level 1 in Evocations
  8048 | D:7      | Found a bloodstained altar of Trog.
  8186 | D:7      | Reached skill level 10 in Dodging
  8700 | D:8      | Noticed Grum
  8713 | D:8      | Reached skill level 11 in Dodging
  8736 | D:7      | Killed Grum
  9218 | D:8      | Noticed Prince Ribbit
  9226 | D:8      | Killed Prince Ribbit
  9280 | D:8      | Reached skill level 12 in Dodging
  9977 | D:9      | Noticed a brown ugly thing
 10364 | D:9      | Reached XP level 11. HP: 53/68 MP: 0/0
 10364 | D:9      | Learned a level 5 spell: Iskenderun's Battlesphere
 10422 | D:9      | Reached skill level 13 in Dodging
 11120 | D:9      | Reached skill level 14 in Dodging
 11630 | D:9      | Killed a brown ugly thing
 11631 | D:9      | Reached skill level 15 in Dodging
 11746 | D:9      | Found a staircase to the Lair.
 12075 | Lair:1   | Entered Level 1 of the Lair of Beasts
 12475 | Lair:1   | Reached XP level 12. HP: 64/74 MP: 0/0
 12769 | Lair:1   | Reached skill level 10 in Spellcasting
 12769 | Lair:1   | Reached skill level 10 in Conjurations
 12769 | Lair:1   | Reached skill level 10 in Hexes
 12769 | Lair:1   | Reached skill level 10 in Summonings
 12769 | Lair:1   | Reached skill level 10 in Necromancy
 12769 | Lair:1   | Reached skill level 10 in Translocations
 12769 | Lair:1   | Reached skill level 10 in Transmutations
 12769 | Lair:1   | Reached skill level 10 in Fire Magic
 12769 | Lair:1   | Reached skill level 10 in Ice Magic
 12769 | Lair:1   | Reached skill level 10 in Air Magic
 12769 | Lair:1   | Reached skill level 10 in Earth Magic
 12769 | Lair:1   | Reached skill level 10 in Poison Magic
 13301 | Lair:2   | Found a staircase to the Swamp.
 13615 | Lair:2   | Noticed a death yak
 13619 | Lair:2   | Noticed a death yak
 13656 | Lair:2   | Killed a death yak
 13662 | Lair:2   | Killed a death yak
 14050 | Lair:3   | Noticed a pharaoh ant
 14050 | Lair:3   | Found a hole to the Spider Nest.
 14280 | Lair:3   | Reached XP level 13. HP: 33/81 MP: 0/0
 14280 | Lair:3   | Learned a level 5 spell: Summon Mana Viper
 14779 | Lair:3   | Noticed a four-headed hydra
 14826 | Lair:2   | Bought an opalescent robe for 153 gold pieces
 14826 | Lair:2   | Identified the +4 robe "Epugal" {*Slow rPois rC+++ Int-4}
                  | (You bought it in a shop on level 2 of the Lair of Beasts)
 14829 | Lair:2   | Bought a faintly humming leather armour for 189 gold pieces
 14829 | Lair:2   | Identified the +3 leather armour of Parts Unknown {Rampage
                  | Str+3} (You bought it in a shop on level 2 of the Lair of
                  | Beasts)
 14870 | Lair:3   | Killed a four-headed hydra
 15323 | Lair:4   | Noticed a five-headed hydra
 15346 | Lair:3   | Killed a five-headed hydra
 15422 | Lair:4   | Noticed a six-headed hydra
 15438 | Lair:4   | Killed a six-headed hydra
 15476 | Lair:4   | Found a staircase to the Slime Pits.
 15684 | Lair:4   | Reached skill level 16 in Dodging
 16992 | D:5      | Bought an iridescent sling for 201 gold pieces
 16992 | D:5      | Identified the +7 sling of Gallantry {heavy, Str+3 SInv}
                  | (You bought it in a shop on level 5 of the Dungeon)
 17000 | D:5      | Bought an ancient trident for 263 gold pieces
 17000 | D:5      | Identified the +3 trident of Trauma {vamp, rElec rF+} (You
                  | bought it in a shop on level 5 of the Dungeon)
 17176 | Lair:5   | Entered Level 5 of the Lair of Beasts
 17241 | Lair:5   | Reached XP level 14. HP: 87/89 MP: 0/0
 17260 | Lair:5   | Reached skill level 17 in Dodging
 18081 | Lair:5   | Found a large runed translucent door.
 18081 | Lair:5   | Found a large runed translucent door.
 18236 | Lair:5   | Reached skill level 18 in Dodging
 18690 | D:10     | Entered Level 10 of the Dungeon
 18696 | D:10     | Found a transporter.
 18702 | D:10     | Noticed knightboat's ghost (journeyman OgMo)
 18898 | D:10     | Found a transporter.
 18934 | D:10     | Found a transporter.
 18937 | D:10     | Found a transporter.
 18938 | D:10     | Noticed a stone giant
 18967 | D:10     | Found a white marble altar of Elyvilon.
 18981 | D:10     | Found a glowing golden altar of the Shining One.
 19109 | D:10     | Noticed Maggie
 19126 | D:10     | Killed Maggie
 19727 | D:10     | Killed knightboat's ghost
 20532 | D:10     | Killed a stone giant
 20568 | D:10     | Identified the +4 whip "Biheul" {heavy, rCorr Str+8 Int-4
                  | Dex-3}
 21390 | D:12     | Reached skill level 5 in Fighting
 21401 | D:12     | Reached XP level 15. HP: 96/96 MP: 0/0
 21401 | D:12     | Learned a level 6 spell: Death Channel
 21597 | D:12     | Noticed Erolcha
 21614 | D:12     | Killed Erolcha
 22173 | D:12     | Found a staircase to the Orcish Mines.
 22305 | Orc:1    | Entered Level 1 of the Orcish Mines
 22307 | Orc:1    | Noticed Erica
 22318 | Orc:1    | Noticed Sonja
 22319 | Orc:1    | Killed Erica
 22335 | Orc:1    | Killed Sonja
 22769 | Orc:2    | Entered Level 2 of the Orcish Mines
 22807 | Orc:2    | Found a staircase to the Elven Halls.
 22932 | Orc:2    | Noticed an orc warlord
 23035 | Orc:2    | Found a dark tunnel.
 23125 | Volcano  | Entered a volcano
 23194 | Volcano  | Reached skill level 10 in Fighting
 23538 | Orc:2    | Killed an orc warlord
 24091 | Orc:2    | Found Poynom's Antique Armour Shop.
 24113 | Orc:2    | Found Ruralose's Book Shop.
 24123 | Orc:2    | Bought a manual of Fighting for 1040 gold pieces
 24643 | Orc:2    | Bought a glowing helmet for 157 gold pieces
 24708 | Orc:2    | Found Ritahid's General Store.
 24724 | Orc:2    | Found Siarufym's Antique Weapon Shop.
 24731 | Orc:2    | Bought an iridescent sling for 227 gold pieces
 24731 | Orc:2    | Identified the +4 sling of the Moon {speed, rElec Int+4
                  | Stlth+} (You bought it in a shop on level 2 of the Orcish
                  | Mines)
 25147 | Swamp:1  | Entered Level 1 of the Swamp
 25240 | Swamp:1  | Found a frozen archway.
 25240 | Swamp:1  | Noticed an azure jelly
 26414 | Swamp:2  | Reached XP level 16. HP: 96/120 MP: 0/0
 26641 | Swamp:2  | You are sucked into a shaft and drop 1 floor!
 26853 | Swamp:2  | Noticed a kraken
 26908 | Swamp:2  | Killed a kraken
 27420 | Swamp:3  | Reached skill level 15 in Fighting
 27483 | Swamp:3  | Noticed a tentacled monstrosity
 27489 | Swamp:3  | Killed a tentacled monstrosity
 27883 | Swamp:3  | Noticed a thorn hunter
 27897 | Swamp:3  | Slain by a thorn hunter

Illustrated notes

Levels and vault maps discovered:
D:1:      minmay_arrival_glassed_features, layout_basic
D:2:      layout_loops_ring, basic_altar, hellmonk_ecumenical_altar_dog_temple,
          serial_shops, shop
D:3:      minmay_angry_zag, layout_basic, hellmonk_ghost_happy_afterlife
D:4:      layout_rooms, temple_green, lightli_sewer_entry_pipes,
          minmay_misc_feat_hallway, uniq_crazy_yiuf_cottage
D:5:      layout_basic, serial_shops, nicolae_shop_peninsula,
          nicolae_shop_behind_doors, shop,
          nicolae_ossuary_entry_false_entrances, uniq_blork_the_orc, uniq_pikel,
          uniq_grinder
D:6:      layout_cave_pods, serial_park, serial_park_fountain,
          serial_park_tiny_pond, serial_park_square1
          [serial_park_minivault_5x5_8], serial_park_square3
          [serial_park_minivault_5x5_3]
D:7:      cheibrodos_two_vegetables, layout_cave_pools,
          mainiacjoe_overflow_six_doors_small, serial_shops, shop,
          kennysheep_generic_room_2
D:8:      hellmonk_ruined_rings, layout_basic, nicolae_kite_square_tiling_tiny,
          minmay_misc_feat_pillars, minmay_puff, uniq_grum, uniq_prince_ribbit1
D:9:      layout_long_grid, erik_lair_island
D:10:     layout_stronghold, gammafunk_temple_overflow_arena,
          gammafunk_ghost_arena, minmay_fractal_squares_5, uniq_maggie
D:11:     layout_basic
D:12:     layout_loops_cross, david_orc_4, special_room [special_room_orc],
          uniq_erolcha
Temple:   hellmonk_temple_divided_pantheon
Lair:1:   layout_cave_pods, special_room [special_room_bee],
          serial_bayou_crossing, serial_bayou_shore_b
Lair:2:   layout_roguey, swamp_mist
Lair:3:   layout_chaotic_city, nicolae_spider_entry_lesser_pyramids
Lair:4:   layout_cave_pods, slime_entry_1, serial_bayou_shore_b,
          grunt_megastairs_1, serial_bayou_shore_b
Lair:5:   cheibrodos_lair_end_hotspot, layout_cave_pods, lemuel_old_faithful
Swamp:1:  layout_falls_marsh, portal_ice_cave_entry_frozen_things,
          serial_swamp_ruin, evilmike_swamp_ruin_house_2,
          evilmike_swamp_ruin_house_3, evilmike_swamp_ruin_rubble_1
Swamp:2:  layout_basic_swamp, evilmike_swamp_ruin_rubble_2, swamp_pool1,
          nicolae_swamp_thats_no_hydra
Swamp:3:  layout_falls_marsh, evilmike_swamp_ruin_house_4
Orc:1:    layout_caves, guppyfry_orc_lava_fort, uniq_sonja, uniq_erica
Orc:2:    grunt_orc_cross, layout_diamond_mine, nicolae_volcano_entry_vermiform

Skill      XL: |  1  2  3  4  5  6  7  8  9 10 11 12 13 14 15 16 |
---------------+-------------------------------------------------+-----
Fighting       | 1 2 3 4 5 12 16 | 16.4
Dodging        | 3 4 5 8 9 12 15 16 18 | 18.8
Spellcasting   | 4 5 7 8 9 11 12 13 | 13.6
Conjurations   | 4 5 7 8 9 11 12 13 | 13.6
Hexes          | 4 5 7 8 9 11 12 13 | 13.6
Summonings     | 4 5 7 8 9 11 12 13 | 13.6
Necromancy     | 4 5 7 8 9 11 12 13 | 13.6
Translocations | 4 5 7 8 9 11 12 13 | 13.6
Transmutations | 4 5 7 8 9 11 12 13 | 13.6
Fire Magic     | 4 5 7 8 9 11 12 13 | 13.6
Ice Magic      | 4 5 7 8 9 11 12 13 | 13.6
Air Magic      | 4 5 7 8 9 11 12 13 | 13.6
Earth Magic    | 4 5 7 8 9 11 12 13 | 13.6
Poison Magic   | 4 5 7 8 9 11 12 13 | 13.6
Evocations     | 2 |  2.0
Stealth        | |  1.8

Action                     |  1- 3 |  4- 6 |  7- 9 | 10-12 | 13-15 | 16-18 || total
---------------------------+-------+-------+-------+-------+-------+-------++-------
  Melee: Dagger            |     8 |       |    20 |    18 |       |       ||    46
         Short sword       |    18 |    25 |    54 |    25 |       |       ||   122
         Staff             |       |     5 |     8 |    28 |    29 |       ||    70
         Unarmed           |       |       |   236 |     3 |    24 |    17 ||   280
         Punch             |       |       |     2 |     2 |       |       ||     4
   Fire: Sling             |       |       |       |       |    17 |       ||    17
   Cast: Necrotise         |    33 |    50 |    76 |    93 |   116 |       ||   368
         Vampiric Draining |       |    32 |    56 |   452 |   709 |   113 ||  1362
         Spider Form       |       |       |    17 |    16 |    59 |    14 ||   106
         Static Discharge  |       |       |    24 |    39 |    28 |     3 ||    94
         Iskenderun's Batt |       |       |       |     6 |     6 |     1 ||    13
         Summon Mana Viper |       |       |       |       |   103 |    26 ||   129
         Death Channel     |       |       |       |       |    15 |     7 ||    22
 Invoke: Call Merchant     |       |       |       |     2 |     2 |     1 ||     5
         Potion Petition   |       |       |       |       |       |     1 ||     1
Ability: End Transformatio |       |       |     6 |     2 |     5 |     2 ||    15
  Evoke: Wand              |       |       |     3 |     2 |     9 |     3 ||    17
         Phial of floods   |       |       |       |       |     1 |       ||     1
    Use: Scroll            |     1 |     8 |     9 |     4 |    10 |     6 ||    38
         Potion            |       |       |     1 |     1 |     7 |     3 ||    12
   Stab: Sleeping          |     1 |       |       |       |       |       ||     1
 Armour: Robe              |     3 |    12 |    26 |    43 |    20 |       ||   104
         Skin              |       |       |    13 |     2 |    16 |     3 ||    34
  Dodge: Dodged            |    23 |    65 |   298 |   665 |  1335 |   424 ||  2810

Table legend: (Time is in decaauts)
 A = Elapsed time spent in this place.
 B = Non-inter-level travel time spent in this place.
 C = Inter-level travel time spent in this place.
 D = Time resting spent in this place.
 E = Time spent auto-exploring this place.
 F = Levels seen in this place.
 G = Mean time per level.
                   A        B        C        D        E       F      G
               +--------+--------+--------+--------+--------+-----+--------+
         Total |  27950 |  26154 |   1796 |   5243 |  12042 |  26 | 1075.0 |
       Dungeon |  14070 |  12974 |   1096 |   2513 |   6805 |  12 | 1172.5 |
        Temple |     33 |     33 |      0 |      0 |      0 |   1 |   33.0 |
          Lair |   6480 |   6002 |    478 |    667 |   3285 |   5 | 1296.0 |
         Swamp |   2753 |   2590 |    163 |    830 |    887 |   3 |  917.7 |
  Orcish Mines |   2331 |   2272 |     59 |    317 |   1031 |   2 | 1165.5 |
         Sewer |    245 |    245 |      0 |     82 |      0 |   1 |  245.0 |
       Ossuary |   1692 |   1692 |      0 |    832 |      4 |   1 | 1692.0 |
       Volcano |    344 |    344 |      0 |      2 |     30 |   1 |  344.0 |
               +--------+--------+--------+--------+--------+-----+--------+

Top non-repeatable levels by time:
    D:10: 1968 daAuts
   Orc:2: 1844 daAuts
     D:8: 1718 daAuts
 Ossuary: 1692 daAuts
     D:9: 1645 daAuts
  Lair:4: 1489 daAuts
     D:5: 1414 daAuts
  Lair:3: 1412 daAuts
  Lair:5: 1387 daAuts
 Swamp:1: 1341 daAuts
  Lair:1: 1292 daAuts
     D:7: 1272 daAuts
     D:6: 1231 daAuts
 Swamp:2: 1175 daAuts
    D:12: 1000 daAuts
